 Dungeon Crawl Stone Soup version 0.29.0-4-gdea44cf6ec (webtiles) character file.

Game seed: 663748828124735587

77 qw the Chopper (level 4, -1/35 HPs)
             Began as a Formicid Cinder Acolyte on Sept 3, 2022.
             Was a High Priest of Ignis.
             Succumbed to an orc wizard's poison
             ... on level 3 of the Dungeon.
             The game lasted 00:01:06 (2840 turns).

qw the Chopper (Formicid Cinder Acolyte)            Turns: 2840, Time: 00:01:06

Health: -1/35      AC: 17    Str: 20    XL:     4   Next: 60%
Magic:  5/5        EV:  6    Int: 14    God:    Ignis [*****.]
Gold:   92         SH:  0    Dex:  9    Spells: 5/5 levels left

rFire   + . .      SeeInvis +   Y - -1 hand axe (flame)
rCold   . . .      Faith    .   (no shield)
rNeg    . . .      Spirit   .   o - +0 plate armour
rPois   .          Reflect  .   (helmet unavailable)
rElec   .          Harm     .   (no cloak)
rCorr   .          Rampage  .   (no gloves)
Will    .....                   (no boots)
Stlth   ..........              (no amulet)
HPRegen 0.11/turn               (no ring)
MPRegen 0.09/turn               (no ring)

@: lethally poisoned (-1 -> -13), fiery-armoured
A: permanent stasis, dig shafts and tunnels, antennae 3, four strong arms
a: Dig, Shaft Self, Renounce Religion, Fiery Armour, Foxfire Swarm, Rising Flame


You were on level 3 of the Dungeon.
You worshipped Ignis.
Ignis was extremely pleased with you.
You visited 1 branch of the dungeon, and saw 3 of its levels.

You collected 92 gold pieces.


Innate Abilities, Weirdness & Mutations

You cannot be hasted, slowed, berserked, paralysed or teleported.
You can dig through walls and to a lower floor.
You have a pair of large antennae on your head. (SInv)
Your four strong arms can wield two-handed weapons with a shield.


   Skills:
 - Level 3.2 Fighting
 - Level 4.2 Axes
 - Level 1.0 Throwing
 + Level 1.9 Armour
 - Level 0.7 Dodging
 - Level 1.1 Spellcasting
 - Level 3.0 Fire Magic


You had 5 spell levels left.
You didn't know any spells.
Your spell library contained the following spells:

 Spells                   Type           Power      Damage    Failure   Level
 Scorch                   Fire           18%        2d6       98%         2

Inventory:

Hand Weapons
 Y - a -1 hand axe of flaming (weapon)
Missiles
 j - 4 javelins (quivered)
 n - 3 boomerangs
Armour
 o - a +0 plate armour (worn)
Scrolls
 d - a scroll of identify
Potions
 a - 2 potions of ambrosia {unknown}
 b - a potion of haste {unknown}
 c - a potion of mutation
 e - a potion of resistance
 f - 2 potions of curing
 g - a potion of heal wounds {unknown}
 h - a potion of might
 i - a potion of degeneration {unknown}

Dungeon Overview and Level Annotations

Branches:
Dungeon (3/15)

Altars:


Message History

Pain shoots through your body!
You hit the orc priest but do no damage.
The orc priest hits you but does no damage.
You closely miss the orc priest. The orc priest completely misses you.
An orc comes into view. It is wielding a +0 war axe.
The orc priest barely misses you.
An orc wizard comes into view. It is wielding a +2 dagger of venom.
2833 ||| INVOKING Fiery Armour.
A protective cloak of flame settles atop you.
An orc comes into view. It is wielding a +0 flail.
You barely miss the orc.
The orc wizard gestures at you while chanting.
The puff of flame hits you but does no damage.
You slash the orc! You burn the orc.
You kill the orc!
You closely miss the orc. The orc hits you but does no damage.
The orc is burned by your cloak of flames.
You kill the orc!
The orc wizard points at you and mumbles some strange words.
The magic dart hits you.
You see here a +0 club.
You closely miss the orc wizard.
The orc wizard hits you with a +2 dagger of venom.
The orc wizard is burned by your cloak of flames.
The orc wizard is lightly wounded.
You hit the orc wizard. You burn the orc wizard.
The orc wizard is heavily wounded.
You hit the orc priest but do no damage.
The orc wizard hits you but does no damage.
You are poisoned.
The orc wizard is burned by your cloak of flames.
The orc wizard is almost dead.
The orc priest mumbles some strange prayers to Beogh against you.
Beogh smites you!
You closely miss the orc wizard.
The orc wizard is almost dead.
You hit the orc priest but do no damage.
You die...

######.## #.......#
#.###.# ###### #)#...#
...... #...#####....#
#.#...#....#.#
#.###.#.##.#(# #.#
#...>..#o#
.####.#######..#@##
...>.............o#o
....<..#####....#.)......
#####..# ##.....#######
.......# #..#.##
...##...##.###.###
##.##.###..........
#.##.# ..##.###.###
#.##.# .# ...


You could see an orc priest and an orc wizard.

Vanquished Creatures
  3 adders
  A dart slug (D:2)
  4 orcs (D:3)
  3 endoplasms
  2 giant cockroaches
  3 goblins (D:3)
  3 hobgoblins
  3 jackals (D:1)
  5 kobolds
  2 ball pythons
  5 bats
  2 frilled lizards
  7 rats
43 creatures vanquished.

Notes
Turn   | Place    | Note
-------+----------+-------------------------------------------
     0 | D:1      | qw the Formicid Cinder Acolyte began the quest for the Orb.
     0 | D:1      | Reached XP level 1. HP: 18/18 MP: 2/2
     0 | D:1      | 0 ||| qw: Version: 0.1-a-102-g441f92d
     0 | D:1      | 0 ||| qw: Game counter: 5099
     0 | D:1      | 0 ||| qw: Always use a shield: true
     0 | D:1      | 0 ||| qw: God list: Okawaru
     0 | D:1      | 0 ||| qw: Allow faded altars: false
     0 | D:1      | 0 ||| qw: Do Orc after D:15 true
     0 | D:1      | 0 ||| qw: Do second Lair branch before Depths: true
     0 | D:1      | 0 ||| qw: Lair rune preference: random
     0 | D:1      | 0 ||| qw: Plans: Normal
     0 | D:1      | 0 ||| PLANNING D:1-11
   197 | D:1      | Found a faded altar of an unknown god.
   210 | D:1      | Reached XP level 2. HP: 15/24 MP: 3/3
   387 | D:1      | 387 ||| INVOKING Fiery Armour.
   724 | D:1      | 724 ||| Stepping ~*~*~tactically~*~*~ (stealth).
  1241 | D:1      | 1241 ||| READING scroll labelled CUTIAD UGIAXET.
  1242 | D:1      | 1242 ||| READING 3 scrolls labelled CUENEO YGUEJA.
  1243 | D:1      | 1243 ||| READING scroll labelled FEVYED YNYLU.
  1244 | D:1      | 1244 ||| READING scroll labelled DUIBERR ASECU.
  1245 | D:1      | 1245 ||| READING 2 scrolls of identify.
  1245 | D:1      | 1245 ||| IDENTIFYING clear potion
  1374 | D:2      | Reached skill level 4 in Axes
  1374 | D:2      | Reached XP level 3. HP: 29/29 MP: 4/4
  1484 | D:2      | 1484 ||| Stepping ~*~*~tactically~*~*~ (stealth).
  1485 | D:2      | 1485 ||| Stepping ~*~*~tactically~*~*~ (stealth).
  1846 | D:2      | 1846 ||| INVOKING Fiery Armour.
  1847 | D:2      | Reached skill level 1 in Throwing
  2205 | D:2      | 2205 ||| Stepping ~*~*~tactically~*~*~ (hiding).
  2307 | D:2      | 2307 ||| Stepping ~*~*~tactically~*~*~ (hiding).
  2435 | D:2      | 2435 ||| UPGRADING to +0 ring mail.
  2445 | D:2      | 2445 ||| DROPPING +0 robe.
  2446 | D:2      | 2446 ||| UPGRADING to +0 chain mail.
  2456 | D:2      | 2456 ||| DROPPING +0 ring mail.
  2457 | D:2      | 2457 ||| UPGRADING to +0 plate armour.
  2467 | D:2      | 2467 ||| DROPPING +0 chain mail.
  2468 | D:2      | 2468 ||| READING scroll labelled YJYKER MAERHAY.
  2469 | D:2      | 2469 ||| DRINKING 2 metallic yellow potions.
  2470 | D:2      | 2470 ||| READING 4 scrolls of identify.
  2470 | D:2      | 2470 ||| IDENTIFYING glowing brown potion
  2471 | D:2      | 2471 ||| READING 3 scrolls of identify.
  2471 | D:2      | 2471 ||| IDENTIFYING yellow potion
  2472 | D:2      | 2472 ||| READING 2 scrolls of identify.
  2472 | D:2      | 2472 ||| IDENTIFYING murky dark potion
  2473 | D:2      | 2473 ||| DROPPING potion of lignification.
  2485 | D:3      | Reached XP level 4. HP: 33/35 MP: 5/5
  2615 | D:3      | Reached skill level 1 in Armour
  2833 | D:3      | 2833 ||| INVOKING Fiery Armour.
  2839 | D:3      | HP: 2/35 [orc priest/divine providence (13)]
  2840 | D:3      | Succumbed to an orc wizard's poison

Levels and vault maps discovered:
D:1:      dpeg_arrival_rooms_c, layout_basic,
          hellmonk_ecumenical_altar_pennies_from_heaven
D:2:      layout_basic
D:3:      layout_loops_ring, nicolae_overflow_hidden_temple,
          nicolae_concentric_dashed_squares_wild

Skill      XL: |  1  2  3  4 |
---------------+-------------+-----
Axes           | 4 |  4.2
Throwing       | 1 |  1.0
Armour         | 1 |  1.9
Fighting       | |  3.2
Dodging        | |  0.7
Spellcasting   | |  1.1
Fire Magic     | |  3.0

Action                   |  1- 3 |  4- 6 || total
-------------------------+-------+-------++-------
Melee: Hand axe          |    95 |    39 ||   134
       Punch             |     2 |       ||     2
Throw: Javelin           |     9 |     8 ||    17
Invok: Fiery Armour      |     2 |     1 ||     3
  Use: Scroll            |     9 |       ||     9
       Potion            |     1 |       ||     1
Armor: Robe              |    24 |       ||    24
       Plate armour      |       |    22 ||    22
Dodge: Dodged            |    50 |    13 ||    63

Table legend:
 A = Non-vault XP
 B = Vault XP
 C = Vault XP percentage of total XP
 D = Non-vault monster count
 E = Vault monster count
 F = Vault count percentage of total count
                 A         B        C        D         E       F
            +---------+---------+-------+---------+---------+-------
      Total |     111 |       0 |   0.0 |      43 |       0 |   0.0
            +---------+---------+-------+---------+---------+-------
        D:1 |      23 |       0 |   0.0 |      15 |       0 |   0.0
        D:2 |      45 |       0 |   0.0 |      13 |       0 |   0.0
        D:3 |      43 |       0 |   0.0 |      15 |       0 |   0.0
            +---------+---------+-------+---------+---------+-------
